 Dungeon Crawl Stone Soup version 0.19-a0-1782-g81ad427 (webtiles) character file.

22 AmbiguousPuzuma the Insei (level 2, 0/16 HPs)
             Began as a Vine Stalker Monk on Oct 2, 2016.
             Slain by an adder (2 damage)
             ... on level 2 of the Dungeon.
             The game lasted 00:00:59 (171 turns).

AmbiguousPuzuma the Insei (Vine Stalker Monk)        Turns: 171, Time: 00:01:00

Health: 0/16       AC:  2    Str: 13    XL:     2   Next: 91%
Magic:  0/3        EV: 13    Int: 10    God:
Gold:   33         SH:  0    Dex: 16    Spells: 0 memorised, 1 level left

rFire  . . .     SeeInvis .     d - +1 dagger (drain)
rCold  . . .     Gourm    .     a - +0 robe
rNeg   . . .     Faith    .     (no shield)
rPois  .         Spirit   +     (no helmet)
rElec  .         Dismiss  .     (no cloak)
rCorr  .         Reflect  .     (no gloves)
MR     .....     Harm     .     (no boots)
Stlth  ++........               (no amulet)
                                (no ring)
                                (no ring)

@: lethally poisoned (0 -> -4)
A: fangs 2, magic shield, antimagic bite, no device heal 3, rot immunity
a: no special abilities


You were on level 2 of the Dungeon.
You were not hungry.

You visited 1 branch of the dungeon, and saw 2 of its levels.

You collected 33 gold pieces.

Inventory:

Hand Weapons
 d - a +1 dagger of draining (weapon)
   (You took it off a kobold on level 1 of the Dungeon)
 e - a +0 short sword
   (You found it on level 1 of the Dungeon)
Armour
 a - a +0 robe (worn)
 g - a +0 ring mail
   (You found it on level 2 of the Dungeon)
Scrolls
 f - a scroll of fog {unknown}
Potions
 c - a potion of cancellation {unknown}
Comestibles
 b - a bread ration
 h - 2 chunks of flesh


   Skills:
 - Level 2.6 Fighting
 + Level 1.4 Short Blades
 - Level 2.4 Dodging
 - Level 2.4 Stealth
 - Level 3.5 Unarmed Combat


You had one spell level left.
You didn't know any spells.

Dungeon Overview and Level Annotations

Branches:
Dungeon (2/15)

Altars:


Innate Abilities, Weirdness & Mutations

You have extremely sharp teeth.
When hurt, damage is shared between your health and your magic reserves.
Your bite disrupts and absorbs the magic of your enemies.
Potions and wands cannot restore your health.
You are immune to rotting.


Message History

You see here a scroll labeled RYALUDDYLA.
f - a scroll labeled RYALUDDYLA The hobgoblin closely misses you.
You hit the hobgoblin. The hobgoblin hits you.
* * * LOW HITPOINT WARNING * * *
You take 1 damage, and have 11/16 hp.
You now have 2/3 mp.
You hit the hobgoblin. You drain the hobgoblin!
You kill the hobgoblin!
A hobgoblin comes into view.
The hobgoblin shouts!
You hit the hobgoblin but do no damage. You drain the hobgoblin!
The hobgoblin closely misses you.
You hit the hobgoblin. You bite the hobgoblin. You drain its power.
You feel invigorated.
You kill the hobgoblin!
MP restored: 3 A rat comes into view.
Found a spear.
You hit the rat. You drain the rat!
You kill the rat!
You see here a spear.
A hobgoblin comes into view.
Found a club.
The hobgoblin shouts!
You completely miss the hobgoblin. The hobgoblin barely misses you.
You closely miss the hobgoblin. The hobgoblin hits you.
You take 1 damage, and have 12/16 hp.
You hit the hobgoblin but do no damage.
You bite the hobgoblin, but do no damage.
The hobgoblin barely misses you.
You hit the hobgoblin but do no damage. You drain the hobgoblin!
The hobgoblin barely misses you.
You barely miss the hobgoblin.
You punch the hobgoblin, but do no damage.
The hobgoblin closely misses you.
You hit the hobgoblin but do no damage. The hobgoblin closely misses you.
You hit the hobgoblin but do no damage. The hobgoblin closely misses you.
You hit the hobgoblin. You drain the hobgoblin!
You kill the hobgoblin!
You see here a hobgoblin corpse.
You open the door.
Found a stone staircase leading down.
There is an open door here.
There is a stone staircase leading down here.
You climb downwards.
A goblin comes into view. It is wielding a dagger.
Found a ring mail, a bubbling amethyst potion and a leather armour.
There is a stone staircase leading up here.
You see here a ring mail.
g - a ring mail You hit the goblin but do no damage.
You bite the goblin. You drain its power. The goblin hits you with a dagger.
You take 1 damage, and have 12/16 hp.
You now have 2/3 mp.
You closely miss the goblin. The goblin misses you.
You hit the goblin.
You kill the goblin!
MP restored: 3 No target in view!
No target in view!
Things that are here:
a dagger; a goblin corpse You butcher the goblin corpse.
h - 2 chunks of flesh
Things that are here:
a dagger; a goblin skeleton A goblin comes into view.
It is wielding a dagger.
Found an iron wand.
You enter a teleport trap!
The teleport trap disappears.
Your surroundings suddenly seem different.
Found 13 gold pieces.
You now have 33 gold pieces (gained 13).
Found 3 gold pieces.
A bat and an adder come into view.
The adder hisses angrily.
You closely miss the adder. The adder misses you.
An adder comes into view.
The adder hisses angrily.
You hit the adder. You bite the adder. You drain its power.
The adder barely misses you.
You closely miss the adder. The adder closely misses you.
The adder bites you but does no damage.
You hit the adder. The adder bites you. x2
* * * LOW HITPOINT WARNING * * *
You take 5 damage, and have 8/16 hp.
MASSIVE DAMAGE!!
You closely miss the adder. The adder bites you.
* * * LOW HITPOINT WARNING * * *
You are lethally poisoned!
The adder poisons you! The adder bites you but does no damage.
You take 4 damage, and have 4/16 hp.
MASSIVE DAMAGE!!
You now have 2/3 mp.
You hit the adder. You drain the adder!
You kill the adder!
Your life force feels restored.
Your Short Blades skill increases to level 1!
* * * LOW HITPOINT WARNING * * *
The adder bites you.
* * * LOW HITPOINT WARNING * * *
You take 2 damage, and have 2/16 hp.
You now have 0/3 mp.
You hit the adder. You drain the adder! The adder closely misses you.
You closely miss the adder. The adder bites you.
You die...

#.. ..# #b# ##.#
#.#.##.# ##.#. #.# ...
#.# #.# #.#
.########.####.###
.....$†@.........#######
.##...S...####..........
#.####### ###.###### #
#.# #.# #.#######
#.......# #######.#


You could see an adder.

Vanquished Creatures
  An adder (D:2)
  A worm (D:1)
  A goblin (D:2)
  4 hobgoblins (D:1)
  A kobold (D:1)
  A bat (D:1)
  A rat (D:1)
10 creatures vanquished.

Notes
Turn   | Place    | Note
-------+----------+-------------------------------------------
     0 | D:1      | AmbiguousPuzuma the Vine Stalker Monk began the quest for the Orb.
     0 | D:1      | Reached XP level 1. HP: 11/11 MP: 2/2
    60 | D:1      | Reached XP level 2. HP: 11/16 MP: 1/3
   168 | D:2      | HP: 4/16 [adder (4)]
   169 | D:2      | Reached skill level 1 in Short Blades
   171 | D:2      | Slain by an adder

Vault maps used:
D:1:      evilmike_arrival_run_for_it

Skill      XL: |  1  2 |
---------------+-------+-----
Short Blades   | 1 |  1.4
Fighting       | |  2.6
Dodging        | |  2.4
Stealth        | |  2.4
Unarmed Combat | |  3.5

Action                   || total
-------------------------++-------
Melee: Unarmed           ||    22
       Bite              ||    11
       Dagger            ||    25
       Punch             ||     1
Armor: Robe              ||     4
Dodge: Dodged            ||    37

Vault maps used:
D:1:      evilmike_arrival_run_for_it

Table legend:
 A = Turns spent in this place as a percentage of turns spent in the entire game.
 B = Non-inter-level travel turns spent in this place as a percentage of non-inter-level travel turns spent in the entire game.
 C = Inter-level travel turns spent in this place as a percentage of turns spent in this place.
 D = Turns resting spent in this place as a percentage of non-inter-level travel turns spent in this place.
 E = Turns spent auto-exploring this place as a percentage of non-inter-level travel turns spent in this place.
 F = Non-inter-level travel turns spent in this place divided by the number of levels of this place that you've seen.
                   A       B       C       D       E      F
               +-------+-------+-------+-------+-------+----------------------
         Total | 100.0 | 100.0 |   0.0 |   0.0 |   0.0 |  82.5
       Dungeon | 100.0 | 100.0 |   0.0 |   0.0 |   0.0 |  82.5
               +-------+-------+-------+-------+-------+----------------------

Table legend:
 A = Kills in this place as a percentage of kills in entire the game.
 B = Kills by you in this place as a percentage of kills by you in the entire game.
 C = Kills by friends in this place as a percentage of kills by friends in the entire game.
 D = Other kills in this place as a percentage of other kills in the entire game.
 E = Experience gained in this place as a percentage of experience gained in the entire game.
 F = Experience gained in this place divided by the number of levels of this place that you have seen.
                   A       B       C       D       E      F
               +-------+-------+-------+-------+-------+----------------------
         Total | 100.0 | 100.0 |  -nan |  -nan | 100.0 |  16.0
       Dungeon | 100.0 | 100.0 |  -nan |  -nan | 100.0 |  16.0
               +-------+-------+-------+-------+-------+----------------------
